 Dungeon Crawl Stone Soup version 0.27-a0-364-g31b3477d74 (webtiles) character file.

Game seed: 13699002832081897062

1141 tilp the Insei (level 8, -6/56 HPs)
             Began as an Octopode Transmuter on Feb 16, 2021.
             Was an Initiate of Okawaru.
             Mangled by an ice beast (12 damage)
             ... on level 5 of the Dungeon.
             The game lasted 00:10:08 (7023 turns).

tilp the Insei (Octopode Transmuter)                Turns: 7023, Time: 00:10:08

Health: -6/56      AC:  1    Str:  9    XL:     8   Next: 37%
Magic:  11/11      EV: 15    Int: 30    God:    Okawaru [......]
Gold:   363        SH:  0    Dex: 18    Spells: 5/11 levels left

rFire    . . .     SeeInvis .     - Unarmed
rCold    . . .     Faith    .   (no shield)
rNeg     . . .     Spirit   .   (helmet currently unavailable)
rPois    .         Reflect  .   (no amulet)
rElec    .         Harm     .   f - +6 ring of dexterity
rCorr    .         Rampage  .   a - +6 ring of intelligence
Will     .....                  s - +6 ring of intelligence
Stlth    ++++......             (no ring)
HPRegen  0.18/turn              (no ring)
MPRegen  0.12/turn              (no ring)
                                (no ring)
                                (no ring)

@: appendages
A: almost no armour, stealthy swim, amphibious, 8 rings, constrict 8, tentacle
spike 3, camouflage 1, gelatinous body 1
a: End Transformation, Renounce Religion


You were on level 5 of the Dungeon.
You worshipped Okawaru.
Okawaru was noncommittal.
One of your tentacles had a temporary spike.
You visited 2 branches of the dungeon, and saw 8 of its levels.

You collected 363 gold pieces.

Inventory:

Missiles
 d - 6 curare-tipped darts {!f}
 g - 23 poisoned darts (quivered)
Armour
 m - a +0 kite shield
Jewellery
 a - a +6 ring of intelligence (right tentacle)
 f - a +6 ring of dexterity (left tentacle)
 h - a ring of ice
 j - a ring of fire
 n - a ring of fire
 s - a +6 ring of intelligence (on tentacle)
Wands
 k - a wand of random effects (18)
Scrolls
 e - 2 scrolls of identify
 i - a scroll of noise {unknown}
 q - a scroll of amnesia {unknown}
Potions
 b - 3 potions of mutation
 c - a potion of resistance
 l - a potion of attraction
 o - a potion of haste
 p - a potion of might


   Skills:
 + Level 5.5 Fighting
 - Level 4.0 Dodging
 - Level 4.0 Stealth
 + Level 7.1 Unarmed Combat
 - Level 2.0 Spellcasting
 - Level 2.0 Transmutations


You had 5 spell levels left.
You knew the following spells:

 Your Spells              Type           Power        Failure   Level
a - Beastly Appendage     Tmut           30%          3%          1
b - Wereblood             Tmut           15%          5%          2
c - Spider Form           Tmut/Pois      4%           16%         3

Your spell library contained the following spells:

 Spells                   Type           Power        Failure   Level
 Confusing Touch          Hex            3%           24%         3
 Gell's Gravitas          Tloc           1%           24%         3
 Ice Form                 Ice/Tmut       9%           45%         4
 Petrify                  Tmut/Erth      9%           45%         4
 Blade Hands              Tmut           7%           67%         5
 Yara's Violent Unravell  Hex/Tmut       4%           82%         5
 Metabolic Englaciation   Hex/Ice        1%           91%         5


Dungeon Overview and Level Annotations

Branches:
Dungeon (7/15)             Temple (1/1) D:6

Altars:
Ashenzari
Cheibriados
Dithmenos
Fedhas
Gozag
Kikubaaqudgha
Nemelex Xobeh
Okawaru
Qazlal
Ru
Trog
Vehumet
Wu Jian
Xom
Yredelemnul
The Shining One

Annotations:
D:4 vamp mosq vault
D:6 Dowan, Duvessa
D:7 1 runed translucent door, Crazy Yiuf


Innate Abilities, Weirdness & Mutations

You cannot wear most types of armour.
You are very stealthy in the water. (Stealth+)
You are amphibious.
You can wear up to eight rings at the same time.
You can use your tentacles to constrict eight enemies at once.
Your skin changes colour to match your surroundings (Stealth+).
Your rubbery body absorbs attacks. (AC +1, EV +1)
One of your tentacles bears a large vicious spike.


Message History

The ice beast is lightly wounded.
The ice beast barely misses you.
You barely miss the ice beast.
Your tentacle spike misses the ice beast.
Your squeeze misses the ice beast. The ice beast hits you.
The ice beast freezes you!
You tentacle-slap the ice beast but do no damage.
Your tentacle spike misses the ice beast.
The ice beast closely misses you.
You barely miss the ice beast. Your squeeze misses the ice beast.
You tentacle-slap the ice beast but do no damage.
Your tentacle spike misses the ice beast.
The ice beast hits you. The ice beast freezes you.
You tentacle-slap the ice beast.
Your tentacle spike misses the ice beast.
You squeeze the ice beast.
The ice beast is moderately wounded.
The ice beast misses you.
You tentacle-slap the ice beast but do no damage.
The ice beast is moderately wounded.
The ice beast closely misses you.
You barely miss the ice beast.
You pierce the ice beast.
You squeeze the ice beast, but do no damage.
The ice beast is moderately wounded.
The ice beast hits you. The ice beast freezes you!
* * * LOW HITPOINT WARNING * * *
You tentacle-slap the ice beast but do no damage.
The ice beast is moderately wounded.
The ice beast closely misses you.
You closely miss the ice beast. You tentacle-slap the ice beast.
The ice beast is moderately wounded.
The ice beast hits you.
* * * LOW HITPOINT WARNING * * *
The ice beast freezes you!
* * * LOW HITPOINT WARNING * * *
Unknown command.
You feel better. The ice beast hits you.
* * * LOW HITPOINT WARNING * * *
The ice beast freezes you!
You die...

#....<.......
#########
#.....(......
#.......#
#.......#####
#.####### #.......#
#.#### #...B...#
#..†<# #######.#
#.#### #.#
#.#################.#
#.............@Y...(#
###################.#
#.# #(# #.# #.# #.#
#.# #.#########


You could see an ice beast.

Vanquished Creatures
  Sigmund (D:6)
  A sky beast (D:6)
  An orc warrior (D:7)
  A bullfrog (D:6)
  2 hounds (D:4)
  4 orc priests
  Jessica (D:2)
  Terence (D:2)
  An iguana (D:5)
  An orc wizard (D:4)
  10 worker ants
  A worker ant zombie (D:5)
  Robin (D:2)
  A gnoll (D:1)
  9 adders
  2 oozes
  An adder zombie (D:6)
  4 worms
  4 leopard geckos
  10 orcs
  10 giant cockroaches
  6 goblins (D:2)
  13 hobgoblins
  2 jackals (D:3)
  3 kobolds
  3 bats
  7 frilled lizards
  2 leopard gecko skeletons
  5 rats
108 creatures vanquished.

Vanquished Creatures (others)
  A fungus (D:3)
  4 toadstools (D:3)
5 creatures vanquished.

Grand Total: 113 creatures vanquished

Notes
Turn   | Place    | Note
-------+----------+-------------------------------------------
     0 | D:1      | tilp the Octopode Transmuter began the quest for the Orb.
     0 | D:1      | Reached XP level 1. HP: 13/13 MP: 3/3
    39 | D:1      | Reached skill level 1 in Stealth
   664 | D:1      | Reached XP level 2. HP: 17/18 MP: 3/5
   667 | D:1      | Learned a level 2 spell: Wereblood
  1246 | D:1      | Reached XP level 3. HP: 11/23 MP: 4/6
  1458 | D:2      | Noticed Terence
  1574 | D:2      | Noticed Robin
  1701 | D:2      | Killed Robin
  2131 | D:2      | Reached XP level 4. HP: 29/29 MP: 5/7
  2308 | D:2      | Killed Terence
  2676 | D:2      | Noticed Jessica
  2682 | D:2      | Killed Jessica
  2683 | D:2      | Reached skill level 4 in Unarmed Combat
  2683 | D:2      | Reached XP level 5. HP: 32/35 MP: 8/8
  4016 | D:3      | Learned a level 3 spell: Spider Form
  4237 | D:4      | Reached XP level 6. HP: 42/42 MP: 7/9
  4702 | D:4      | Reached skill level 5 in Unarmed Combat
  4728 | D:4      | Reached XP level 7. HP: 15/48 MP: 7/10
  4731 | D:4      | Reached skill level 6 in Unarmed Combat
  5238 | D:4      | Found a basalt altar of Yredelemnul.
  5307 | D:4      | You fall into a shaft and drop 3 floors!
  5478 | D:7      | Found a runed translucent door.
  5479 | D:7      | Noticed Crazy Yiuf
  5573 | D:6      | Found a staircase to the Ecumenical Temple.
  5587 | D:6      | Noticed Sigmund
  5590 | Temple   | Entered the Ecumenical Temple
  5802 | Temple   | Became a worshipper of Warmaster Okawaru
  5848 | D:6      | Killed Sigmund
  5849 | D:6      | Reached skill level 5 in Fighting
  5849 | D:6      | Reached XP level 8. HP: 55/55 MP: 9/11
  5938 | D:6      | Noticed Duvessa
  5978 | D:6      | Noticed Dowan
  5984 | D:5      | Entered Level 5 of the Dungeon
  6061 | D:5      | Reached * piety under Okawaru
  6133 | D:5      | Reached skill level 7 in Unarmed Combat
  7023 | D:5      | Mangled by an ice beast

Illustrated notes

Levels and vault maps discovered:
D:1:      lightli_arrival_statue_moat, layout_loops_ring, minmay_hexomino_p4
D:2:      layout_loops_corners, uniq_robin, uniq_terence, uniq_jessica
D:3:      layout_basic, dk_noncrumbling_3, minmay_gold_behind_fungi
D:4:      minmay_chambers_of_fours, layout_rooms, old_standard_altar,
          minivault_25, minmay_between
D:5:      layout_basic, minmay_misc_feat_nine_boxes
D:6:      layout_basic, kennysheep_mini_moat, minmay_temple_entry_mini_moons,
          serial_curves, eino_curves_03, eino_curves_02, uniq_prince_ribbit1,
          uniq_duvessa, uniq_sigmund
D:7:      layout_cave_pools, minitemple, uniq_crazy_yiuf_cottage, uniq_pikel
Temple:   regret_index_temple_generic_petals

Skill      XL: |  1  2  3  4  5  6  7  8 |
---------------+-------------------------+-----
Stealth        | 2 4 |  4.0
Fighting       | 2 3 4 5 |  5.5
Unarmed Combat | 4 5 6 7 |  7.1
Dodging        | 3 4 |  4.0
Spellcasting   | |  2.0
Transmutations | |  2.0

Action                   |  1- 3 |  4- 6 |  7- 9 || total
-------------------------+-------+-------+-------++-------
Melee: Unarmed           |    68 |   124 |    75 ||   267
       Kick              |    13 |    28 |    22 ||    63
       Constrict         |    18 |    36 |    19 ||    73
       Tentacles         |    12 |    23 |    21 ||    56
       Punch             |       |     4 |     4 ||     8
Throw: Dart              |     5 |    27 |    16 ||    48
 Cast: Beastly Appendage |    13 |    16 |    14 ||    43
       Wereblood         |     3 |     7 |     1 ||    11
  Use: Scroll            |     3 |     2 |     6 ||    11
       Potion            |     1 |       |     1 ||     2
 Stab: Sleeping          |     8 |     6 |     4 ||    18
Armor: Skin              |     3 |     1 |       ||     4
Dodge: Dodged            |    39 |    65 |    44 ||   148

Table legend: (Time is in decaauts)
 A = Elapsed time spent in this place.
 B = Non-inter-level travel time spent in this place.
 C = Inter-level travel time spent in this place.
 D = Time resting spent in this place.
 E = Time spent auto-exploring this place.
 F = Levels seen in this place.
 G = Mean time per level.
                   A        B        C        D        E       F      G
               +--------+--------+--------+--------+--------+-----+--------+
         Total |   6997 |   6629 |    368 |   1815 |   3647 |   8 |  874.6 |
       Dungeon |   6744 |   6434 |    310 |   1815 |   3456 |   7 |  963.4 |
        Temple |    252 |    194 |     58 |      0 |    191 |   1 |  252.0 |
               +--------+--------+--------+--------+--------+-----+--------+

Top non-repeatable levels by time:
     D:4: 1558 daAuts
     D:1: 1476 daAuts
     D:2: 1469 daAuts
     D:3: 1117 daAuts
     D:5: 703 daAuts
  Temple: 252 daAuts
     D:7: 214 daAuts
     D:6: 204 daAuts
